 Dungeon Crawl Stone Soup version 0.20.0-10-g0535bb4 (webtiles) character file.

49 MDvedh the Twirler (level 3, -6/27 HPs)
             Began as a Demonspawn Gladiator on June 5, 2017.
             Was an Initiate of Ru.
             Mangled by a gnoll
             ... wielding a +0 flail
              (10 damage)
             ... on level 1 of the Dungeon.
             The game lasted 00:01:31 (946 turns).

MDvedh the Twirler (Demonspawn Gladiator)            Turns: 946, Time: 00:01:31

Health: -6/27      AC:  7    Str: 15    XL:     3   Next: 53%
Magic:  3/3        EV: 11    Int:  9    God:    Ru [......]
Gold:   117        SH:  0    Dex: 14    Spells: 2/2 levels left

rFire    . . .     SeeInvis .   a - +0 quarterstaff
rCold    . . .     Gourm    .   (shield currently unavailable)
rNeg     . . .     Faith    .   j - +0 ring mail
rPois    .         Spirit   .   c - +0 helmet
rElec    .         Reflect  .   (no cloak)
rCorr    .         Harm     .   m - +0 pair of gloves
MR       .....                  (no boots)
Stlth    +.........             (no amulet)
Regen    0.1/turn               (no ring)
MPRegen  0.1/turn               (no ring)

@: no status effects
A: demonic guardian 1, rot immunity
a: Renounce Religion


You were on level 1 of the Dungeon.
You worshipped Ru.
Ru was noncommittal.
You were not hungry.

You visited 1 branch of the dungeon, and saw 2 of its levels.

You collected 117 gold pieces.

Inventory:

Hand Weapons
 a - a +0 quarterstaff (weapon)
Missiles
 d - 3 throwing nets (quivered)
Armour
 b - a +0 leather armour
 c - a +0 helmet (worn)
 j - a +0 ring mail (worn)
 m - a +0 pair of gloves (worn)
Scrolls
 g - 2 scrolls of teleportation {unknown}
 h - a scroll of magic mapping {unknown}
 k - 6 scrolls of identify {unknown}
 l - a scroll of amnesia {unknown}
Potions
 e - 2 potions of heal wounds {unknown}
 o - a potion of lignification {unknown}
Comestibles
 f - 3 bread rations
 i - 3 fruits
 n - a meat ration


   Skills:
 - Level 2.0 Fighting
 + Level 4.1 Staves
 - Level 1.7 Throwing
 - Level 2.6 Dodging


You had 2 spell levels left.
You didn't know any spells.

Dungeon Overview and Level Annotations

Branches:
Dungeon (2/15)

Altars:
Ru


Innate Abilities, Weirdness & Mutations

A weak demonic guardian rushes to your aid.
You are immune to rotting.


Message History

The gnoll hits you with a halberd.
* * * LOW HITPOINT WARNING * * *
Unknown command.
The gnoll misses you.
You see here a stone.
Your shadow imp completely misses the kobold.
A gnoll opens the door.
Your shadow imp hits the gnoll.
The gnoll hits your shadow imp with a halberd!
The gnoll hits something with a halberd.
All of the chunks of flesh in your inventory have rotted away.
There is a stone staircase leading up here.
The gnoll hits you with a flail.
* * * LOW HITPOINT WARNING * * *
You climb upwards.
There is a stone staircase leading down here.
Unknown command.
Okay, then.
The gnoll hits you with a flail!
You die...

#............#
#............#
#(...........#
#............#
#............#
#............# #
#............###########
#.....g.................
#.#####@..##############
#.# #...# ### #.# #...#
###.. #.# #...# ###....
#.# #...# ######...[..
#.###########.'.......##
#>............'.....###
#.............'.......##
#............#####......


You could see a gnoll.

Vanquished Creatures
  A gnoll (D:2)
  An ooze (D:2)
  A worm (D:2)
  A dart slug (D:1)
  3 leopard geckos
  A ball python (D:1)
  3 giant cockroaches (D:1)
  A hobgoblin (D:1)
  A jackal (D:1)
  5 bats
  2 frilled lizards
  2 goblins
  4 kobolds
  4 rats
30 creatures vanquished.

Vanquished Creatures (collateral kills)
  A kobold (D:2)
1 creature vanquished.

Grand Total: 31 creatures vanquished

Notes
Turn   | Place    | Note
-------+----------+-------------------------------------------
     0 | D:1      | MDvedh the Demonspawn Gladiator began the quest for the Orb.
     0 | D:1      | Reached XP level 1. HP: 16/16 MP: 1/1
    56 | D:1      | Reached skill level 3 in Staves
   147 | D:1      | Gained mutation: A weak demonic guardian rushes to your aid. [demonic ancestry]
   147 | D:1      | Reached XP level 2. HP: 19/22 MP: 2/2
   729 | D:2      | Found a sacrificial altar of Ru.
   746 | D:2      | Gained mutation: You are immune to rotting. [demonic ancestry]
   746 | D:2      | Reached XP level 3. HP: 24/27 MP: 3/3
   756 | D:2      | Became a worshipper of Ru the Awakened
   832 | D:2      | Reached skill level 4 in Staves
   946 | D:1      | Mangled by a gnoll

Skill      XL: |  1  2  3 |
---------------+----------+-----
Staves         | 3 4 |  4.1
Fighting       | |  2.0
Throwing       | |  1.7
Dodging        | |  2.6

Action                   || total
-------------------------++-------
Melee: Quarterstaff      ||    79
Armor: Leather armour    ||    22
       Ring mail         ||    25
Dodge: Dodged            ||    74
